 Dungeon Crawl Stone Soup version 0.27.1-1-g398f81649c (webtiles) character file.

Game seed: 12946032609824387590

37 Naeght the Poker (level 3, 0/28 HPs)
             Began as a Merfolk Gladiator on Sept 8, 2021.
             Frozen to death by an endoplasm (3 damage)
             ... on level 2 of the Dungeon.
             The game lasted 00:01:44 (1544 turns).

Naeght the Poker (Merfolk Gladiator)                Turns: 1544, Time: 00:01:44

Health: 0/28       AC:  4    Str: 15    XL:     3   Next: 39%
Magic:  3/3        EV: 13    Int:  7    God:
Gold:   28         SH:  0    Dex: 15    Spells: 2/2 levels left

rFire    . . .     SeeInvis .   a - +0 trident
rCold    . . .     Faith    .   (no shield)
rNeg     . . .     Spirit   .   b - +0 leather armour
rPois    .         Reflect  .   c - +0 helmet
rElec    .         Harm     .   (no cloak)
rCorr    .         Rampage  .   (no gloves)
Will     .....                  (no boots)
Stlth    +.........             (no amulet)
HPRegen  0.09/turn              (no ring)
MPRegen  0.08/turn              (no ring)

@: no status effects
A: (nimble swimmer 2), mertail
a: no special abilities


You were on level 2 of the Dungeon.
You visited 1 branch of the dungeon, and saw 2 of its levels.

You collected 28 gold pieces.

Inventory:

Hand Weapons
 a - a +0 trident (weapon)
Missiles
 d - 3 throwing nets (quivered)
Armour
 b - a +0 leather armour (worn)
 c - a +0 helmet (worn)
 g - a +0 scale mail of positive energy
Scrolls
 e - a scroll of torment {unknown}
 f - a scroll of identify {unknown}
Potions
 h - a potion of flight {unknown}


   Skills:
 + Level 2.7 Fighting
 * Level 5.5 Polearms
 - Level 2.0 Throwing
 + Level 4.5 Dodging


You had 2 spell levels left.
You didn't know any spells.
Your spell library was empty.

Dungeon Overview and Level Annotations

Branches:
Dungeon (2/15)

Altars:

Annotations:
D:2 Terence


Innate Abilities, Weirdness & Mutations

((You are quick and stealthy near water. (Stealth+, EV+, Speed+++)))
Your lower body shifts to a powerful aquatic tail in water.


Message History

You hit Terence.
Terence is moderately wounded.
Terence closely misses you. The endoplasm freezes you.
You are frozen.
You completely miss Terence.
Terence is moderately wounded.
Terence closely misses you. The endoplasm closely misses you.
You completely miss Terence.
Terence is moderately wounded.
The endoplasm freezes you.
You are frozen.
Terence hits you with a +0 morningstar.
You hit Terence.
Terence is severely wounded.
Terence hits you with a +0 morningstar!
Ouch! That really hurt!
* * * LOW HITPOINT WARNING * * *
The endoplasm barely misses you.
You are too injured to fight recklessly!
You are too injured to fight recklessly!
You are too injured to fight recklessly!
You are too injured to fight recklessly!
You are too injured to fight recklessly!
You are too injured to fight recklessly!
You are too injured to fight recklessly!
You are too injured to fight recklessly!
You are too injured to fight recklessly!
You are too injured to fight recklessly!
You are too injured to fight recklessly!
You are too injured to fight recklessly!
You are too injured to fight recklessly!
You are too injured to fight recklessly!
You are too injured to fight recklessly!
You are too injured to fight recklessly!
You are too injured to fight recklessly!
You are too injured to fight recklessly!
Unknown command.
The endoplasm freezes you.
You are frozen.
You die...

#. #.# #.# #.# #.#
#.########## #.#
#........... ##.##
#...########
##...###...### ### #
.............###.###.####
##...###...#.##..J.).....
###.####........@@...#
#........................
#.########.###.....#.####
#.# #.# ##...## # ..# #.#
##.## ### #.. .... #####


You could see Terence and an endoplasm.

Vanquished Creatures
  An adder (D:2)
  A dart slug (D:2)
  4 endoplasms
  4 goblins
  3 hobgoblins
  2 jackals (D:1)
  A kobold (D:1)
  A ball python (D:1)
  2 bats (D:1)
  2 frilled lizards (D:1)
  2 rats (D:1)
23 creatures vanquished.

Notes
Turn   | Place    | Note
-------+----------+-------------------------------------------
     0 | D:1      | Naeght the Merfolk Gladiator began the quest for the Orb.
     0 | D:1      | Reached XP level 1. HP: 16/16 MP: 1/1
   415 | D:1      | Reached XP level 2. HP: 16/23 MP: 2/2
   750 | D:1      | Reached skill level 5 in Polearms
  1260 | D:2      | Reached XP level 3. HP: 27/28 MP: 3/3
  1448 | D:2      | Found a faded altar of an unknown god.
  1534 | D:2      | Noticed Terence
  1544 | D:2      | Frozen to death by an endoplasm

Illustrated notes

Levels and vault maps discovered:
D:1:      minmay_arrival_four_loops, layout_basic
D:2:      layout_loops_ring, ebering_ecumenical_altar_hall,
          kennysheep_another_room, uniq_sigmund, uniq_terence

Skill      XL: |  1  2 |
---------------+-------+-----
Polearms       | 5 |  5.5
Fighting       | |  2.7
Throwing       | |  2.0
Dodging        | |  4.5

Action                   || total
-------------------------++-------
Melee: Trident           ||    79
 Stab: Sleeping          ||     5
Armor: Leather armour    ||    14
Dodge: Dodged            ||    42
